 Dungeon Crawl Stone Soup version 0.23-a0-767-gdc19b93d68 (webtiles) character file.

134 EnegeticOcto the Vexing (level 5, -4/45 HPs)
             Began as an Ogre Enchanter on Jan 22, 2019.
             Slain by an orc
             ... wielding a +0 dagger
              (5 damage)
             ... on level 3 of the Dungeon.
             The game lasted 00:08:17 (3464 turns).

EnegeticOcto the Vexing (Ogre Enchanter)            Turns: 3464, Time: 00:08:18

Health: -4/45      AC:  3    Str: 12    XL:     5   Next: 17%
Magic:  0/8        EV: 10    Int: 16    God:
Gold:   77         SH:  0    Dex: 10    Spells: 5/8 levels left

rFire    . . .     SeeInvis .   a - +1 dagger
rCold    . . .     Gourm    .   (no shield)
rNeg     . . .     Faith    .   b - +0 robe
rPois    +         Spirit   .   (helmet restricted)
rElec    .         Reflect  .   (no cloak)
rCorr    .         Harm     .   (gloves unavailable)
MR       .....                  (boots unavailable)
Stlth    ++........             (no amulet)
HPRegen  0.15/turn              i - ring of poison resistance
MPRegen  0.11/turn              (no ring)

@: no status effects
A: large, unfitting armour, tough skin 1
a: no special abilities


You were on level 3 of the Dungeon.
You were hungry.

You visited 1 branch of the dungeon, and saw 3 of its levels.

You collected 77 gold pieces.

Inventory:

Hand Weapons
 a - a +1 dagger (weapon)
Missiles
 g - 113 stones (quivered)
 n - 8 javelins
Armour
 b - a +0 robe (worn)
Jewellery
 i - a ring of poison resistance (left hand)
Scrolls
 c - a scroll of amnesia {unknown}
 e - a scroll of teleportation {@r3 !r}
 f - a scroll of identify {unknown}
 j - 2 scrolls of remove curse {unknown}
 m - a scroll of immolation {unknown}
Comestibles
 d - 7 rations
 l - 2 chunks of flesh


   Skills:
 + Level 2.5 Short Blades
 - Level 1.7 Dodging
 - Level 2.1 Stealth
 - Level 2.4 Spellcasting
 + Level 4.5 Hexes


You had 5 spell levels left.
You knew the following spells:

 Your Spells              Type           Power        Failure   Level  Hunger
a - Corona                Hex            ###....      3%          1    #......
b - Ensorcelled Hibernat  Hex/Ice        #.....       12%         2    ###....

Your spell library contained the following spells:

 Spells                   Type           Power        Failure   Level  Hunger
 Confuse                  Hex            ###.....     10%         3    ###....
 Tukima's Dance           Hex            ###.....     10%         3    ###....
 Dazzling Spray           Conj/Hex       #.....       24%         3    ###....


Dungeon Overview and Level Annotations

Branches:
Dungeon (3/15)

Altars:


Innate Abilities, Weirdness & Mutations

You are too large for most types of armour.
You have tough skin. (AC +1)


Message History

Aim: an orc wizard, wielding a +0 dagger and wearing a +0 robe (almost dead, fast, chance to defeat MR: 53%)
The orc wizard is outlined in light.
The orc wizard hits you with a +0 dagger.
* * * LOW HITPOINT WARNING * * *
The orc wizard hits you but does no damage.
The orc completely misses you.
You hit the orc wizard.
The orc wizard is almost dead.
The orc wizard casts a spell at you. The magic dart hits you!
* * * LOW HITPOINT WARNING * * *
You hit the orc wizard but do no damage.
The orc wizard is almost dead.
The orc barely misses you. The orc wizard closely misses you.
You hit the orc wizard but do no damage.
The orc wizard is almost dead.
The orc wizard hits you with a +0 dagger.
* * * LOW HITPOINT WARNING * * *
The orc hits you with a +0 dagger.
You die...

..................#.....# #
..................#.....# .#.#
......#.######....#.....###.#..
......#.######.................
.........................>.....
...................##..........
......#.####..........[........
......#.####.#.#)#........# .
...............o@##.#o.÷#.#.##
.....##.#.##)#.#o##o#).........
.....................(.........
#########.##.#.#.##.#(..#.#.##.
........# #.#.#.##..(......#
##.####.# #.#.#.###.(o.(.....
(#.#⌠.#.# #...................
.#.#..#.# ##.#.#.###......####
+#.##'#.# ....... .......#


You could see an orc wizard and an orc.

Vanquished Creatures
  7 adders
  An ooze (D:3)
  3 dart slugs (D:2)
  A leopard gecko (D:2)
  3 orcs
  4 giant cockroaches
  5 goblins
  9 hobgoblins
  3 jackals (D:1)
  3 quokkas (D:3)
  6 bats
  A frilled lizard (D:3)
  7 kobolds
  4 rats
57 creatures vanquished.

Notes
Turn   | Place    | Note
-------+----------+-------------------------------------------
     0 | D:1      | EnegeticOcto the Ogre Enchanter began the quest for the
                  | Orb.
     0 | D:1      | Reached XP level 1. HP: 16/16 MP: 3/3
   743 | D:1      | Reached skill level 3 in Hexes
   817 | D:1      | Reached XP level 2. HP: 19/24 MP: 3/5
   857 | D:1      | Learned a level 2 spell: Ensorcelled Hibernation
  1469 | D:2      | Reached XP level 3. HP: 24/31 MP: 3/6
  1559 | D:2      | Reached skill level 1 in Short Blades
  1679 | D:2      | Reached skill level 4 in Hexes
  1776 | D:2      | Reached XP level 4. HP: 31/39 MP: 0/7
  3053 | D:3      | Reached XP level 5. HP: 43/45 MP: 1/8
  3464 | D:3      | HP: 1/45 [orc wizard/+0 dagger (2)]
  3464 | D:3      | Slain by an orc

Vault maps used:
D:1:      psy_arrival_basics, serial_glass, glass_columns_c, glass_columns_b
D:3:      minmay_door_path, lemuel_crystal_altar

Skill      XL: |  1  2  3  4 |
---------------+-------------+-----
Hexes          | 3 4 |  4.5
Short Blades   | 1 2 |  2.5
Dodging        | |  1.7
Stealth        | |  2.1
Spellcasting   | |  2.4

Action                   |  1- 3 |  4- 6 || total
-------------------------+-------+-------++-------
Melee: Dagger            |    69 |   122 ||   191
Throw: Stone             |       |     6 ||     6
 Cast: Corona            |    14 |    11 ||    25
       Ensorcelled Hiber |    12 |    37 ||    49
  Use: Potion            |     1 |     2 ||     3
       Scroll            |       |     1 ||     1
 Stab: Sleeping          |    13 |    24 ||    37
  Eat: Chunk             |     3 |     8 ||    11
Armor: Robe              |    16 |    42 ||    58
Dodge: Dodged            |    36 |    72 ||   108

Table legend:
 A = Non-vault XP
 B = Vault XP
 C = Vault XP percentage of total XP
 D = Non-vault monster count
 E = Vault monster count
 F = Vault count percentage of total count
                 A         B        C        D         E       F
            +---------+---------+-------+---------+---------+-------
      Total |     192 |       0 |   0.0 |      57 |       0 |   0.0
            +---------+---------+-------+---------+---------+-------
        D:1 |      16 |       0 |   0.0 |      10 |       0 |   0.0
        D:2 |     118 |       0 |   0.0 |      23 |       0 |   0.0
        D:3 |      58 |       0 |   0.0 |      24 |       0 |   0.0
            +---------+---------+-------+---------+---------+-------
